Map: Catalyst LE

Players

Ifiwereasoup

  • Race: Zerg Zerg
  • League: Diamond
  • Spawn Location: 11:00

FLORENCIO - Winner!

  • Race: Terran Terran
  • League: Master
  • Spawn Location: 5:00

VOD

Have the link to the VOD?

Description

Time

  • Played on: March 20, 2018, 1:22 a.m.
  • Length: 11:49
Show
View Real Time Build Order
Export as new Build Order

Ifiwereasoup Zerg 

Build Orders:  

Get SALT Encoding   

  12  0:01  Drone  
  13  0:10  Drone  
  14  0:18  Extractor  
  14  0:20  Extractor  
  12  0:22  Drone x2  
  16  1:12  Extractor  
  15  6:38  Extractor  
Show
View Real Time Build Order
Export as new Build Order

FLORENCIO Terran - Winner!

Build Orders:  

Get SALT Encoding   

  10  4:22  SCV  
  8  7:00  SCV  
  9  7:12  SCV  
  10  7:39  SCV  
  11  7:58  SCV  
  12  8:15  SCV  
  13  8:31  SCV  
  14  8:43  SCV  
  6  11:35  SCV  
Tags
 
Matchup
TvZ
Spawn Locations
Cross Positions
Add a new tag
Caveats
  • Supply blocks, unpowered buildings, or Contaminate may cause inaccurate times.
  • Supply counts are checked every 10 seconds.